 Dungeon Crawl Stone Soup version 0.27-a0-1359-ga2a4dfd6fd (webtiles) character file.

Game seed: 8858368528235746438

104668 Phlounder the Thaumaturge (level 16, -9/116 HPs)
             Began as a Djinni Wanderer on June 28, 2021.
             Was the Champion of Nemelex Xobeh.
             Killed from afar by a shock serpent (15 damage)
             ... with a bolt of electricity
             ... on level 1 of the Snake Pit on June 29, 2021.
             The game lasted 03:44:13 (30357 turns).

Phlounder the Thaumaturge (Djinni Wanderer)        Turns: 30357, Time: 03:44:15

Health: -9/116     AC: 21    Str: 15    XL:     16   Next: 93%
Gold:   1751       EV: 11    Int: 29    God:    Nemelex Xobeh [******] SH: 12 Dex: 15

rFire    + + .     SeeInvis .   p - +8 rapier (protect)
rCold    x . .     Faith    .   r - +1 buckler
rNeg     + . .     Spirit   .   b - +3 troll leather armour
rPois    ∞         Reflect  +   N - +1 hat
rElec    .         Harm     .   u - +2 ratskin cloak {*Rats rPois rN+ Str-1 Int-1 Dex+1}
rCorr    .         Rampage  .   Q - +1 pair of gloves {Dex+3}
Will     +....     Clarity  +   (boots unavailable)
Stlth    +++.......             j - amulet of reflection
HPRegen  1.29/turn              J - +6 ring of strength
MPRegen  0.00/turn              w - +6 ring of intelligence

@: under a protective aura, flying, constricted
A: sickness immunity, fire resistance 2, cold vulnerability 1, float, innate
caster, hp casting, extra vitality 1, antennae 1, clarity, screaming 1
a: Renounce Religion, Draw Escape, Draw Destruction, Draw Summoning, Triple
Draw, Deal Four, Stack Five


You were on level 1 of the Snake Pit.
You worshipped Nemelex Xobeh.
Nemelex Xobeh was exalted by your worship.
You visited 5 branches of the dungeon, and saw 24 of its levels.
You also visited: Sewer, Ossuary and Gauntlet.

You collected 3585 gold pieces.
You spent 1834 gold pieces at shops.

Inventory:

Hand Weapons
 p - a +8 rapier of protection (weapon)
 y - the +11 trident of Disorder {holy, rC+ Int+6}
   (You took it off Maurice on level 13 of the Dungeon)

   It has been blessed by the Shining One to cause great damage to the undead
   and demons.
   Int:       It affects your intelligence (+6).
   rC:        It protects you from cold.
Missiles
 a - 728 stones
Armour
 b - a +3 troll leather armour (worn)
 d - +0 acid dragon scales
 q - a +3 leather armour of cold resistance
 r - a +1 buckler (worn)
 u - the +2 ratskin cloak (worn) {*Rats rPois rN+ Str-1 Int-1 Dex+1}
   (You bought it in a shop on level 2 of the Orcish Mines)

   Str:       It affects your strength (-1).
   Int:       It affects your intelligence (-1).
   Dex:       It affects your dexterity (+1).
   rPois:     It protects you from poison.
   rN:        It protects you from negative energy.
 N - a +1 hat (worn)
 Q - a +1 pair of gloves of dexterity (worn)
Jewellery
 c - a ring of ice
 j - an amulet of reflection (around neck)
 w - a +6 ring of intelligence (right hand)
 J - a +6 ring of strength (left hand)
 K - a ring of positive energy
 O - the amulet of Vempedot {Faith rC++ rN+}
   (You found it on level 3 of the Lair of Beasts)

   [amulet of faith]

   It allows you to gain divine favour quickly.rC: It greatly protects you from
   cold.
   rN:        It protects you from negative energy.
 Y - a ring of see invisible
Wands
 m - a wand of digging (13)
 C - a wand of mindburst (36)
 D - a wand of acid (43)
 E - a wand of iceblast (22)
 G - a wand of flame (16)
Scrolls
 f - a scroll of summoning
 g - a scroll of immolation
 h - 4 scrolls of fear
 k - 2 scrolls of fog
 n - 15 scrolls of teleportation
 t - 5 scrolls of blinking
 x - 2 scrolls of magic mapping
 I - 9 scrolls of identify
Potions
 e - 10 potions of curing
 i - 6 potions of haste
 o - 8 potions of heal wounds
 v - 5 potions of cancellation
 z - 3 potions of resistance
 A - 3 potions of ambrosia
 W - 5 potions of brilliance
 X - 2 potions of might
Miscellaneous
 l - a lightning rod (4/4)
 H - a phantom mirror (inert)
 P - a box of beasts


   Skills:
 * Level 11.1 Fighting
 + Level 8.9 Short Blades
 + Level 1.4(1.6) Polearms
 + Level 1.2(1.6) Staves
 + Level 5.5 Armour
 + Level 6.1 Dodging
 + Level 6.5 Stealth
 + Level 7.8 Shields
 * Level 14.2 Spellcasting
 * Level 10.9 Invocations
 * Level 2.9 Evocations


You had 9 spell levels left.
You knew the following spells:

 Your Spells              Type           Power      Damage    Failure   Level
a - Sting                 Tmut/Pois      100%       1d8       0%          1
b - Mephitic Cloud        Conj/Pois/Air  80%        N/A       1%          3
c - Magic Dart            Conj           100%       1d8       0%          1
d - Conjure Flame         Conj/Fire      80%        6-21      1%          3
e - Animate Skeleton      Necr           100%       N/A       0%          1
f - Static Discharge      Conj/Air       80%        N/A       0%          2
g - Dazzling Flash        Conj/Hex       100%       N/A       1%          3
h - Animate Armour        Summ/Erth      100%       N/A       1%          4
i - Agony                 Necr           80%        N/A       1%          5
j - Metabolic Englaciati  Hex/Ice        40%        N/A       1%          5
k - Simulacrum            Ice/Necr       40%        N/A       1%          6

Your spell library contained the following spells:

 Spells                   Type           Power      Damage    Failure   Level


Dungeon Overview and Level Annotations

Branches:
Dungeon (14/15)            Temple (1/1) D:4            Lair (6/6) D:8
 Shoals (0/4) Lair:4        Snake (1/4) Lair:2        Slime (0/5) Lair:5
    Orc (2/2) D:9             Elf (0/3) Orc:2        Vaults (0/5) D:13
  Sewer (visited)         Ossuary (visited)         Gauntlet (visited)

Altars:
Ashenzari
Cheibriados
Dithmenos
Elyvilon
Fedhas
Gozag
Hepliaklqana
Kikubaaqudgha
Makhleb
Nemelex Xobeh
Okawaru
Qazlal
Ru
Sif Muna
Trog
Uskayaw
Vehumet
Wu Jian
Xom
Yredelemnul
Zin
The Shining One

Shops:
D:1 (   D:2 !   D:6 !   D:10 *   D:11 :*   Orc:2 ([*?   Snake:1 :


Innate Abilities, Weirdness & Mutations

You are immune to sickness and miasma.
You are immune to poison.
Your flesh is very heat resistant. (rF++)
You are vulnerable to cold. (rC-)
You float through the air rather than walking.
You learn spells naturally, not from books.
Your magical power is your life essence.
You have superior vitality. (+4 HP)
You have a pair of small antennae on your head.
You possess an exceptional clarity of mind.
You occasionally shout uncontrollably at your foes.


Message History

You block the black mamba's attack.
You hear an angry hiss.
You hear a shout! x2
Unknown command.
Okay, then.
The +11 trident of Disorder {holy, rC+ Int+6} stops glowing.
Your +8 rapier of protection hums with potential!
p - a +8 rapier of protection (weapon)
The black mamba bites you!
You hit the black mamba.
Your weapon exudes an aura of protection.
The black mamba is moderately wounded.
The black mamba bites you!
The guardian serpent coils itself and waves its upper body at you.
The shock serpent blinks!
The shock serpent closely misses you.
You hear a shout!
Casting: Animate Armour (safe; 1% risk of failure)
Confirm with . or Enter, or press ? or * to list all spells.
The naga warrior is struck by an arc of lightning.
The naga warrior is lightly wounded.
The lightning grounds out.
The black mamba is struck by an arc of lightning!
The black mamba is heavily wounded.
The lightning grounds out.
The naga warrior is struck by an arc of lightning!
The naga warrior is moderately wounded.
You block the black mamba's attack. You block the shock serpent's attack.
The black mamba closely misses you.
The naga warrior hits you with a +0 dire flail!!!
* * * LOW HITPOINT WARNING * * *
The naga warrior grabs you. The naga warrior constricts you.
You hear an angry hiss.
You draw a card...
You have drawn the Cloud.
Clouds appear around you! You block the black mamba's attack.
The shock serpent shoots out a bolt of lightning at you!
The bolt of electricity hits you!
* * * LOW HITPOINT WARNING * * *
A hell rat scurries out from under your cloak.
The bolt of electricity hits you!
You die...
Your body glows with a rainbow of weird colours and disappears.

..# #..# ..###..# ..
.. ...#...# ..### .#
#.###.####...## .#
.......#.###..###.#$
)8.∩.8..............
...)...#.###..§§§##
#)###.####...ZrN§#
...#...##...Z[§S@#
..###..#......§NS#
..# #..#...)..S§§§#
.## ##.#......§....#
.# .#...#..#..[.# .#
.##.N##.#.#..# .# ..
. ## #.= .# '. ...
......


You could see 2 naga warriors, a shock serpent, a guardian serpent, a black
mamba (ally target) and a friendly hell rat.

Vanquished Creatures
  Rupert (Lair:3)
  A minotaur (Gauntlet)
  An ettin (Orc:2)
  A fire dragon (Lair:6)
  Josephine (D:14)
  An ice dragon (Lair:6)
  8 hydras
  A great orb of eyes (D:13)
  5 vault guards (D:13)
  Erolcha (D:13)
  A rakshasa (D:14)
  A boulder beetle (D:13)
  A catoblepas (D:13)
  2 centaur warriors
  3 two-headed ogres
  2 death yaks (Lair:4)
  A death knight (D:13)
  3 tengu warriors
  2 orc high priests (Orc:2)
  Nergalle (Lair:1)
  2 lindwurms (Lair:6)
  A swamp dragon (Lair:6)
  2 deep elf pyromancers
  A phantasmal warrior (D:13)
  3 oklob plants (Lair:1)
  6 orc knights
  9 ugly things
  3 manticores
  2 orc sorcerers (Orc:2)
  5 cyclopes
  9 black mambas
  7 elephants
  2 centaur zombies
  Joseph (D:8)
  Maggie (Lair:1)
  4 torpor snails (Lair:6)
  10 cane toads
  10 komodo dragons
  A freezing wraith (D:13)
  2 unseen horrors
  2 kobold demonologists
  A rime drake (Lair:6)
  An unseen horror (shapeshifter) (D:14)
  5 tengu conjurers
  6 trolls
  2 tyrant leeches (Lair:6)
  3 polar bears
  6 hornets (Lair:6)
  A hornet (shapeshifter) (D:13)
  4 slime creatures
  35 blink frogs
  A meliai zombie (Gauntlet)
  6 dream sheep (Lair:6)
  A centaur simulacrum (D:13)
  A vampire (D:13)
  6 flying skulls (Gauntlet)
  34 yaks
  A shadow (D:9)
  6 wraiths
  Eustachio (D:4)
  5 wyverns
  5 basilisks
  2 steam dragons
  9 vampire mosquitoes
  A warg (Orc:2)
  2 acid dragons (D:11)
  2 nagas (Snake:1)
  24 water moccasins
  A swamp worm (D:13)
  14 orc warriors
  A swamp drake (Lair:6)
  3 ice beasts
  A black bear (D:8)
  3 ogres
  9 wolves
  10 centaurs
  2 kobold brigands
  5 phantoms
  8 bullfrogs
  2 scorpions
  A gnoll sergeant (D:13)
  A wyvern skeleton (D:7)
  3 troll zombies (D:9)
  A ballistomycete (Lair:1)
  2 wights
  3 howler monkeys
  An electric eel (Lair:1)
  A centaur skeleton (D:6)
  3 jellies
  6 orc priests
  5 gnoll shamans
  Crazy Yiuf (D:4)
  A hound (D:5)
  2 bullfrog skeletons
  3 iguanas
  23 orc wizards
  2 hell rats (Lair:4)
  3 ogre zombies (D:9)
  8 mummies (Ossuary)
  A howler monkey zombie (D:11)
  22 gnolls
  14 adders
  A howler monkey skeleton (D:4)
  3 river rats (D:6)
  3 shadow imps
  2 white imps
  An ufetubus (D:5)
  10 worms
  3 dart slugs (D:2)
  31 orcs
  15 bats
  12 endoplasms
  8 giant cockroaches
  5 goblins
  6 hobgoblins
  17 jackals
  9 quokkas
  8 ball pythons
  2 frilled lizards
  2 goblin skeletons (D:9)
  A goblin zombie (D:9)
  A hobgoblin skeleton (D:9)
  8 hobgoblin zombies
  16 kobolds
  15 orc zombies
  11 rats
  3 ballistomycete spores (Lair:1)
  A butterfly (Lair:3)
652 creatures vanquished.

Vanquished Creatures (collateral kills)
  A shadow dragon (D:14)
  The ghost of robertstho the Severer, a journeyman MiBe of Trog (D:14)
  A storm dragon (D:14)
  A rockslime (Lair:3)
  A stone giant (D:13)
  Nessos (D:13)
  3 vault guards (D:13)
  3 boulder beetles
  4 hydras
  A centaur warrior (D:13)
  The ghost of hatdisgam the Slicer, a novice NaTm of Uskayaw (D:8)
  A death yak (Lair:4)
  A tengu warrior (D:14)
  An orc high priest (Orc:2)
  A fire crab (Lair:6)
  A death drake (Gauntlet)
  A wizard (Gauntlet)
  A deep elf pyromancer (D:14)
  An orb spider (shapeshifter) (D:14)
  2 ugly things
  An orc knight (Orc:2)
  2 orc sorcerers (Orc:2)
  4 elephants
  An eye of devastation (shapeshifter) (D:14)
  3 black mambas
  A water nymph (shapeshifter) (D:13)
  A spectral centaur (Gauntlet)
  A gargoyle (D:13)
  A naga mage (Snake:1)
  Maurice (D:13)
  5 cane toads
  A rime drake (Lair:6)
  A torpor snail (Lair:6)
  6 komodo dragons
  A tengu conjurer (D:13)
  2 trolls (D:12)
  A tyrant leech (Lair:6)
  2 hornets (Lair:6)
  A polar bear (Lair:6)
  21 blink frogs
  Prince Ribbit (D:6)
  A shadow (D:13)
  2 basilisks
  2 wraiths
  6 yaks
  A wyvern (D:8)
  A steam dragon (Lair:6)
  A neqoxec (D:8)
  4 vampire mosquitoes
  2 acid dragons
  A naga (Snake:1)
  8 water moccasins
  2 swamp drakes (Lair:6)
  2 black bears
  An orc warrior (Orc:2)
  2 necrophages (D:6)
  4 ogres
  4 wolves
  A boggart (shapeshifter) (D:8)
  2 centaurs
  2 bullfrogs
  2 scorpions (shapeshifter) (D:8)
  A wyvern zombie (D:8)
  5 wights (D:8)
  4 howler monkeys
  2 centaur zombies
  3 orc priests
  A jelly (Lair:5)
  A centaur skeleton (D:7)
  A gnoll shaman (D:7)
  3 iguanas
  5 orc wizards
  2 hell rats (Lair:4)
  A killer bee zombie (D:6)
  7 orcs
173 creatures vanquished.

Vanquished Creatures (others)
  A hound (D:6)
  An iguana (D:6)
  An ufetubus (D:6)
  An orc (D:6)
  51 fungi
  106 plants
  12 withered plants (D:3)
173 creatures vanquished.

Grand Total: 998 creatures vanquished

Notes
Turn   | Place    | Note
-------+----------+-------------------------------------------
     0 | D:1      | Phlounder the Djinni Wanderer began the quest for the Orb.
     0 | D:1      | Reached XP level 1. HP: 20/20 MP: 0/0
   211 | D:1      | Reached XP level 2. HP: 14/25 MP: 0/0
   787 | D:1      | Reached XP level 3. HP: 24/30 MP: 0/0
   787 | D:1      | Learned a level 1 spell: Animate Skeleton
  1558 | D:1      | Found Jitihyog's Antique Weapon Shoppe.
  1892 | D:2      | Reached XP level 4. HP: 30/35 MP: 0/0
  1901 | D:2      | Reached skill level 3 in Spellcasting
  1939 | D:2      | Reached skill level 1 in Armour
  2564 | D:2      | Reached XP level 5. HP: 33/41 MP: 0/0
  2564 | D:2      | Learned a level 2 spell: Static Discharge
  3063 | D:2      | Found Cejauwn's Distillery.
  3071 | D:2      | Bought a potion of curing for 42 gold pieces
  3071 | D:2      | Bought a potion of degeneration for 14 gold pieces
  3973 | D:3      | Found a faded altar of an unknown god.
  4026 | D:3      | Became a worshipper of Nemelex Xobeh the Trickster
  4026 | D:3      | Reached * piety under Nemelex Xobeh
  4026 | D:3      | Received a gift from Nemelex Xobeh
  4119 | D:3      | Found a snail-covered altar of Cheibriados.
  4148 | D:3      | Reached XP level 6. HP: 44/47 MP: 0/0
  4584 | D:4      | Reached skill level 4 in Spellcasting
  5059 | D:4      | Reached XP level 7. HP: 44/51 MP: 0/0
  5059 | D:4      | Learned a level 3 spell: Dazzling Flash
  5097 | D:4      | Found a broken altar of Ashenzari.
  5109 | D:4      | Noticed Eustachio
  5135 | D:4      | Killed Eustachio
  5776 | D:4      | Found a staircase to the Ecumenical Temple.
  5782 | Temple   | Entered the Ecumenical Temple
  6031 | D:4      | Found a runed translucent door.
  6032 | D:4      | Noticed Crazy Yiuf
  6052 | D:4      | Killed Crazy Yiuf
  6053 | D:4      | Reached skill level 1 in Invocations
  6193 | D:5      | Entered Level 5 of the Dungeon
  6230 | D:5      | Found a sand-covered staircase.
  6234 | Ossuary  | Entered an ossuary
  6819 | D:5      | Reached XP level 8. HP: 36/58 MP: 0/0
  7008 | D:5      | Reached skill level 5 in Spellcasting
  7065 | D:5      | Reached ** piety under Nemelex Xobeh
  7154 | D:5      | Received a gift from Nemelex Xobeh
  7165 | D:5      | Reached skill level 1 in Short Blades
  8343 | D:6      | Reached skill level 5 in Fighting
  8350 | D:6      | Reached XP level 9. HP: 25/65 MP: 0/0
  8350 | D:6      | Learned a level 4 spell: Animate Armour
  8362 | D:6      | Reached skill level 6 in Spellcasting
  8368 | D:6      | Reached skill level 1 in Staves
  8402 | D:6      | Found a shimmering altar of Xom.
  8409 | D:6      | HP: 3/65 [white imp (3)]
  8430 | D:6      | Received a gift from Nemelex Xobeh
  8439 | D:6      | Noticed Prince Ribbit
  8449 | D:6      | Killed Prince Ribbit
  8633 | D:6      | Found a glowing drain.
  8641 | Sewer    | Entered a sewer
  8931 | Sewer    | Reached *** piety under Nemelex Xobeh
  9798 | D:6      | Found Tiguyrghuic's Distillery.
  9822 | D:6      | Bought a potion of heal wounds for 70 gold pieces
  9822 | D:6      | Bought a potion of curing for 42 gold pieces
  9822 | D:6      | Bought a potion of haste for 140 gold pieces
  9822 | D:6      | Bought a potion of heal wounds for 70 gold pieces
  9853 | D:7      | Found a glowing silver altar of Zin.
 10091 | D:7      | Found a basalt altar of Yredelemnul.
 10091 | D:7      | Found a burning altar of Makhleb.
 10891 | D:7      | Killed an unseen horror
 10892 | D:7      | Reached skill level 7 in Spellcasting
 10892 | D:7      | Reached XP level 10. HP: 14/72 MP: 0/0
 11310 | D:8      | Received a gift from Nemelex Xobeh
 11490 | D:8      | Noticed Joseph
 11520 | D:8      | Killed Joseph
 11795 | D:8      | Found a staircase to the Lair.
 11991 | D:8      | Found a runed translucent gate.
 11991 | D:8      | Found a runed translucent gate.
 11991 | D:8      | Found a runed translucent gate.
 11991 | D:8      | Noticed a cyan ugly thing
 11991 | D:8      | Noticed a brown ugly thing
 11992 | D:8      | Noticed a green ugly thing
 11992 | D:8      | Noticed a purple ugly thing
 11992 | D:8      | Noticed a purple ugly thing
 12776 | D:8      | Reached skill level 8 in Spellcasting
 13125 | Lair:1   | Entered Level 1 of the Lair of Beasts
 13125 | Lair:1   | Noticed a cane toad
 13125 | Lair:1   | Noticed a cane toad
 13508 | D:9      | Reached **** piety under Nemelex Xobeh
 13668 | D:9      | Reached XP level 11. HP: 41/78 MP: 0/0
 13668 | D:9      | Learned a level 5 spell: Agony
 13704 | D:9      | Received a gift from Nemelex Xobeh
 13704 | D:9      | Found a staircase to the Orcish Mines.
 14038 | D:9      | Identified the +3 plate armour of Dyspraxia {-Tele rElec
                  | Str+4 Stlth+}
 14167 | D:9      | Reached skill level 5 in Invocations
 14377 | D:9      | Received a gift from Nemelex Xobeh
 14673 | Orc:1    | Entered Level 1 of the Orcish Mines
 14673 | Orc:1    | Noticed an orc knight
 14700 | Orc:1    | Killed an orc knight
 15349 | Orc:2    | Entered Level 2 of the Orcish Mines
 15355 | Orc:2    | Noticed an orc knight
 15357 | Orc:2    | Found a staircase to the Elven Halls.
 15358 | Orc:2    | Noticed an ettin
 15367 | Orc:1    | Found a bloodstained altar of Trog.
 15677 | Orc:2    | Noticed an orc knight
 15697 | Orc:2    | Killed an orc knight
 15733 | Orc:2    | Noticed an orc sorcerer
 15738 | Orc:2    | Noticed an orc knight
 15741 | Orc:2    | Killed an orc sorcerer
 15757 | Orc:2    | Noticed an orc knight
 15763 | Orc:2    | Killed an orc knight
 15768 | Orc:2    | Noticed an orc sorcerer
 15775 | Orc:2    | Killed an orc knight
 15992 | Orc:2    | Killed an orc sorcerer
 16016 | Orc:2    | Noticed an orc knight
 16021 | Orc:2    | Noticed an orc knight
 16022 | Orc:2    | Noticed an orc high priest
 16023 | Orc:2    | Reached skill level 9 in Spellcasting
 16036 | Orc:2    | Noticed an orc sorcerer
 16044 | Orc:2    | Killed an orc knight
 16177 | Orc:1    | Killed an orc knight
 16184 | Orc:1    | Reached skill level 5 in Shields
 16197 | Orc:1    | You are sucked into a shaft and drop 1 floor!
 16366 | Orc:2    | Killed an orc knight
 16367 | Orc:2    | Reached skill level 5 in Short Blades
 16367 | Orc:2    | Reached XP level 12. HP: 66/85 MP: 0/0
 16439 | Orc:2    | Killed an ettin
 16623 | Orc:2    | Killed an orc high priest
 16637 | Orc:2    | Noticed an orc high priest
 16653 | Orc:2    | Killed an orc high priest
 16675 | Orc:2    | Noticed an orc high priest
 16681 | Orc:2    | Gained mutation: You are frail. (-10% HP) [a neqoxec]
 16697 | Orc:2    | Killed an orc high priest
 16698 | Orc:2    | Reached skill level 10 in Spellcasting
 16742 | Orc:2    | Lost mutation: You are frail. (-10% HP) [potion of
                  | mutation]
 16742 | Orc:2    | Gained mutation: You are partially covered in iridescent
                  | scales. (AC +2) [potion of mutation]
 16742 | Orc:2    | Gained mutation: You have a pair of small antennae on your
                  | head. [potion of mutation]
 16869 | Orc:2    | Received a gift from Nemelex Xobeh
 16908 | Orc:2    | Found Suagixuz's Magic Scroll Boutique.
 16913 | Orc:2    | Found Nahuiph's General Store.
 16917 | Orc:2    | Bought a scroll of magic mapping for 49 gold pieces
 16920 | Orc:2    | Found Citukor's Armour Emporium.
 16922 | Orc:2    | Found Kopoudaz's Antique Weapon Boutique.
 17156 | Orc:2    | Bought the +2 ratskin cloak {*Rats rPois rN+ Str-1 Int-1
                  | Dex+1} for 444 gold pieces
 17156 | Orc:2    | Found the +2 ratskin cloak {*Rats rPois rN+ Str-1 Int-1
                  | Dex+1}
 17175 | Orc:2    | Bought a scroll of enchant weapon for 82 gold pieces
 17177 | Orc:2    | Bought a scroll of magic mapping for 49 gold pieces
 17177 | Orc:2    | Bought a scroll of magic mapping for 49 gold pieces
 17177 | Orc:2    | Bought a scroll of enchant armour for 105 gold pieces
 17177 | Orc:2    | Bought a scroll of blinking for 105 gold pieces
 17283 | D:10     | Entered Level 10 of the Dungeon
 17331 | D:10     | Noticed a boulder beetle
 17531 | D:8      | Found a runed translucent gate.
 17531 | D:8      | Found a runed translucent gate.
 17534 | D:8      | Found a runed translucent gate.
 17535 | D:8      | Noticed hatdisgam's ghost (novice NaTm)
 17872 | Lair:1   | Received a gift from Nemelex Xobeh
 17936 | Lair:1   | Reached XP level 13. HP: 34/92 MP: 0/0
 17936 | Lair:1   | Learned a level 5 spell: Metabolic Englaciation
 18167 | Lair:1   | Reached ***** piety under Nemelex Xobeh
 18230 | Lair:1   | Received a gift from Nemelex Xobeh
 18231 | Lair:1   | Noticed Nergalle
 18234 | Lair:1   | Noticed Maggie
 18247 | Lair:1   | Killed Nergalle
 18256 | Lair:1   | Killed Maggie
 18257 | Lair:1   | Reached skill level 11 in Spellcasting
 19032 | Lair:1   | Reached skill level 5 in Armour
 19147 | Lair:2   | Found a staircase to the Snake Pit.
 19174 | Lair:2   | Reached skill level 1 in Evocations
 19320 | Lair:2   | Noticed a six-headed hydra
 19336 | Lair:2   | Killed a six-headed hydra
 19391 | Lair:2   | Noticed a seven-headed hydra
 19406 | Lair:2   | Killed a seven-headed hydra
 19624 | Lair:2   | Found a sacrificial altar of Ru.
 20055 | Lair:3   | Reached skill level 5 in Stealth
 20177 | Lair:3   | Noticed a four-headed hydra
 20179 | Lair:3   | Noticed Gastronok
 20209 | Lair:3   | Killed a four-headed hydra
 20462 | Lair:3   | Noticed Rupert
 20471 | Lair:3   | Identified the -1 long sword of Demonkind {vorpal, rN+}
 20480 | Lair:3   | Killed Rupert
 20520 | Lair:3   | Reached XP level 14. HP: 95/101 MP: 0/0
 20550 | Lair:3   | Noticed Gastronok
 20550 | Lair:3   | Gastronok changed into Gastronok the rockslime
 20568 | Lair:3   | Killed Gastronok the rockslime
 20638 | Lair:3   | Identified the amulet of Vempedot {Faith rC++ rN+}
 20870 | Lair:4   | Received a gift from Nemelex Xobeh
 21187 | Lair:4   | Reached skill level 12 in Spellcasting
 21331 | Lair:4   | Received a gift from Nemelex Xobeh
 21473 | Lair:4   | Found a staircase to the Shoals.
 21774 | Lair:4   | Received a gift from Nemelex Xobeh
 22248 | Lair:5   | Reached skill level 5 in Dodging
 22293 | Lair:5   | Found a staircase to the Slime Pits.
 22500 | Lair:5   | Reached skill level 10 in Fighting
 22796 | Lair:5   | Reached ****** piety under Nemelex Xobeh
 23046 | Lair:6   | Entered Level 6 of the Lair of Beasts
 23276 | Lair:6   | Reached XP level 15. HP: 106/107 MP: 0/0
 23276 | Lair:6   | Learned a level 6 spell: Simulacrum
 23479 | Lair:6   | Received a gift from Nemelex Xobeh
 23817 | Lair:6   | Reached skill level 13 in Spellcasting
 24076 | Lair:6   | Found a runed translucent door.
 24827 | D:8      | Gained mutation: You are frail. (-10% HP) [a neqoxec]
 24828 | D:8      | Gained mutation: You occasionally shout uncontrollably at
                  | your foes. [a neqoxec]
 24842 | D:8      | Killed hatdisgam's ghost
 24866 | D:8      | Lost mutation: You are frail. (-10% HP) [potion of
                  | mutation]
 24866 | D:8      | Lost mutation: You are partially covered in iridescent
                  | scales. (AC +2) [potion of mutation]
 24866 | D:8      | Gained mutation: You possess an exceptional clarity of
                  | mind. [potion of mutation]
 25364 | D:10     | Found a white marble altar of Elyvilon.
 25461 | D:10     | Found Urir's General Store.
 25469 | D:10     | Bought a potion of heal wounds for 65 gold pieces
 25469 | D:10     | Bought a wand of acid (10) for 364 gold pieces
 25596 | D:11     | Received a gift from Nemelex Xobeh
 25596 | D:11     | Found Susoq's Book Shop.
 25801 | D:11     | Identified the +11 quarterstaff of Huepsav {elec, rPois
                  | rCorr}
 25835 | D:11     | Found Zuufaiwe's Elemental Accessories.
 25843 | D:11     | Bought a wand of iceblast (8) for 144 gold pieces
 26207 | D:12     | Reached skill level 10 in Invocations
 26230 | D:12     | Received a gift from Nemelex Xobeh
 26726 | D:12     | Received a gift from Nemelex Xobeh
 26941 | D:13     | Identified the +11 trident of Disorder {holy, rC+ Int+6}
 26941 | D:13     | Noticed a frost giant
 26947 | D:13     | Noticed a stone giant
 26947 | D:13     | a frost giant changed into a stone giant
 26966 | D:13     | Killed a stone giant
 26990 | D:13     | Reached XP level 16. HP: 46/115 MP: 0/0
 26999 | D:13     | Noticed Maurice
 27110 | D:13     | Noticed Nessos
 27131 | D:13     | Killed Nessos
 27162 | D:13     | Found a gate to the Vaults.
 27469 | D:13     | Killed Maurice
 27678 | D:13     | Noticed Erolcha
 27688 | D:13     | Killed Erolcha
 27694 | D:13     | Reached skill level 14 in Spellcasting
 27922 | D:13     | Received a gift from Nemelex Xobeh
 28429 | D:13     | Received a gift from Nemelex Xobeh
 28756 | D:14     | Found a gate leading to a gauntlet.
 28773 | Gauntlet | Entered a Gauntlet
 28773 | Gauntlet | Found a transporter.
 28773 | Gauntlet | Found a transporter.
 28773 | Gauntlet | Found a transporter.
 28774 | Gauntlet | Found a transporter.
 28777 | Gauntlet | Found a transporter.
 28777 | Gauntlet | Found a transporter.
 28791 | Gauntlet | Found a transporter.
 28792 | Gauntlet | Found a transporter.
 28795 | Gauntlet | Found a transporter.
 28795 | Gauntlet | Found a transporter.
 28805 | Gauntlet | Found a transporter.
 28806 | Gauntlet | Found a transporter.
 28851 | Gauntlet | Received a gift from Nemelex Xobeh
 29242 | D:14     | Found a transporter.
 29245 | D:14     | Found a transporter.
 29245 | D:14     | Noticed robertstho's ghost (journeyman MiBe)
 29245 | D:14     | Noticed a shadow dragon
 29246 | D:14     | Noticed a storm dragon
 29505 | D:14     | Reached skill level 1 in Polearms
 29677 | D:14     | Noticed Josephine
 29715 | D:14     | Killed Josephine
 29730 | D:14     | Identified the +5 mace of Spring {elec, Will+++ Int-5 Dex-5
                  | Stlth+}
 29799 | D:14     | Killed a shadow dragon
 29802 | D:14     | Killed a storm dragon
 29819 | D:14     | Killed robertstho's ghost
 30262 | Snake:1  | Entered Level 1 of the Snake Pit
 30285 | Snake:1  | Found Ohotuuse's Book Emporium.
 30357 | Snake:1  | Killed from afar by a shock serpent

Illustrated notes

Levels and vault maps discovered:
D:1:      giann_horns, layout_basic, serial_shops, nicolae_shop_crystal,
          minmay_pentomino_z4
D:2:      layout_rooms, serial_shops, shop_fountains
D:3:      layout_loops_ring, jmf_multi_god_temple,
          shapermc_ecumenical_altar_flowoftime, minmay_misc_feat_nine_boxes,
          mrwooster_statue_mirror, kennysheep_generic_room_5
D:4:      layout_basic, lemuel_doored_altar, minmay_temple_entry_wispy,
          uniq_eustachio, uniq_crazy_yiuf_cottage
D:5:      layout_basic, nicolae_ossuary_entry_plus
D:6:      layout_basic, general_overflow_altar, xom_confusion_cloud,
          serial_shops, shop_coins, lightli_sewer_entry_pipes,
          amcnicky_mini_corridor_feature, uniq_prince_ribbit1
D:7:      layout_basic, grunt_temple_overflow_open
D:8:      layout_basic, minmay_lair_entry_grove,
          ploomutoo_gammafunk_ghost_potion_laboratory, nicolae_benzene_ring,
          uniq_joseph
D:9:      layout_basic, zombieorc1_lemuel
D:10:     layout_rooms, kennysheep_mini, serial_shops, shop
D:11:     layout_roguey, serial_shops, nicolae_shop_stone,
          nicolae_elemental_shop
D:12:     layout_irregular_city
D:13:     minmay_heptahexagon, layout_loops_corners, erik_vaults_2,
          uniq_maurice, uniq_erolcha, uniq_nessos
D:14:     layout_roguey, gauntlet_entry_generic, gammafunk_ghost_arena,
          nicolae_vehumet_radiance, uniq_josephine
Temple:   dshaligram_water_room_temple
Lair:1:   layout_cave_pods, minivault_19, hangedman_lair_unloving_vines,
          infiniplex_staircase_pool, minmay_lair_oklob_chamber, uniq_maggie,
          uniq_nergalle
Lair:2:   layout_loops_ring, minmay_snake_entry_six_corridors, basic_altar,
          grunt_forest_small_clearings
Lair:3:   layout_hall_layers, serial_bayou_shore_a, lemuel_fruit_fields,
          uniq_gastronok, uniq_rupert
Lair:4:   layout_regular_city, elwin_shoals_entry_rocks,
          cheibrodos_lair_reptile_den
Lair:5:   layout_regular_city, minmay_slime_entry_pillars, grunt_megastairs_3
Lair:6:   wormcave, layout_misc_corridors, guppyfry_lair_end_dragon
Snake:1:  layout_rooms, grunt_megastairs_4, minmay_shop_star
Orc:1:    layout_caves, basic_altar
Orc:2:    st_orc_elflike, layout_caves

Skill      XL: |  1  2  3  4  5  6  7  8  9 10 11 12 13 14 15 16 |
---------------+-------------------------------------------------+-----
Spellcasting   | 3 4 5 7 8 9 10 11 12 13 14 | 14.2
Armour         | 1 2 3 4 5 |  5.5
Fighting       | 4 5 6 7 8 9 10 11 | 11.1
Invocations    | 1 2 3 4 6 7 8 9 10 | 10.9
Stealth        | 2 3 4 5 6 |  6.5
Short Blades   | 2 3 5 6 7 8 |  8.9
Shields        | 2 4 5 6 7 |  7.8
Staves         | 1 |  1.2
Dodging        | 2 3 4 5 6 |  6.1
Evocations     | 1 2 |  2.9
Polearms       | 1 |  1.4

Action                   |  1- 3 |  4- 6 |  7- 9 | 10-12 | 13-15 | 16-18 || total
-------------------------+-------+-------+-------+-------+-------+-------++-------
Melee: Dagger            |    45 |       |       |       |       |       ||    45
       Staff             |     3 |    32 |    22 |       |       |       ||    57
       Rapier            |       |       |   151 |   373 |   767 |   189 ||  1480
       Trident           |       |       |       |       |       |    58 ||    58
Throw: Throwing net      |       |       |     2 |       |       |       ||     2
       Stone             |       |       |     1 |       |       |       ||     1
 Cast: Magic Dart        |    43 |    43 |   109 |    60 |    95 |    18 ||   368
       Sting             |    27 |   105 |   109 |   169 |   303 |    61 ||   774
       Animate Skeleton  |       |     1 |     3 |     9 |     4 |       ||    17
       Static Discharge  |       |     2 |    22 |       |    33 |    10 ||    67
       Mephitic Cloud    |       |     1 |     8 |    52 |    73 |    24 ||   158
       Conjure Flame     |       |       |     1 |     3 |     2 |       ||     6
       Dazzling Flash    |       |       |     1 |     7 |    20 |       ||    28
       Animate Armour    |       |       |    14 |    63 |    69 |    31 ||   177
       Agony             |       |       |       |     6 |     6 |       ||    12
       Metabolic Englaci |       |       |       |       |    34 |     2 ||    36
       Simulacrum        |       |       |       |       |    25 |    14 ||    39
Invok: Draw Destruction  |       |       |     5 |    16 |    22 |    12 ||    55
       Draw Summoning    |       |       |     3 |     2 |     6 |     3 ||    14
       Triple Draw       |       |       |       |     1 |       |       ||     1
       Draw Escape       |       |       |       |       |     1 |     1 ||     2
       Deal Four         |       |       |       |       |     1 |     1 ||     2
Evoke: Wand              |       |       |     2 |     4 |    19 |     3 ||    28
       Phantom mirror    |       |       |       |       |       |     1 ||     1
  Use: Scroll            |       |     4 |    11 |    11 |     6 |     3 ||    35
       Potion            |       |       |     7 |     4 |     2 |       ||    13
 Stab: Sleeping          |     2 |       |     1 |     1 |     5 |     2 ||    11
       Confused          |       |       |     3 |    27 |    41 |    13 ||    84
       Held in net/web   |       |       |     1 |       |       |       ||     1
       Distracted        |       |       |       |     6 |     5 |     2 ||    13
       Invisible         |       |       |       |     1 |     6 |       ||     7
       Petrified         |       |       |       |       |       |     2 ||     2
Armor: Leather armour    |    19 |    19 |    97 |    51 |     2 |       ||   188
       Troll leather arm |       |       |       |    66 |   253 |    90 ||   409
Dodge: Dodged            |    28 |    41 |    97 |   152 |   375 |   128 ||   821
Block: Other             |       |    15 |    56 |       |       |       ||    71
       Reflection        |       |     1 |     1 |     5 |     3 |    21 ||    31
       Buckler           |       |       |       |   182 |   449 |   163 ||   794

Table legend: (Time is in decaauts)
 A = Elapsed time spent in this place.
 B = Non-inter-level travel time spent in this place.
 C = Inter-level travel time spent in this place.
 D = Time resting spent in this place.
 E = Time spent auto-exploring this place.
 F = Levels seen in this place.
 G = Mean time per level.
                   A        B        C        D        E       F      G
               +--------+--------+--------+--------+--------+-----+--------+
         Total |  30238 |  28640 |   1598 |   2211 |  19368 |  27 | 1119.9 |
       Dungeon |  18619 |  17472 |   1147 |    382 |  13505 |  14 | 1329.9 |
        Temple |     94 |     69 |     25 |      0 |     69 |   1 |   94.0 |
          Lair |   7191 |   6853 |    338 |    439 |   4425 |   6 | 1198.5 |
     Snake Pit |     97 |     97 |      0 |     21 |     33 |   1 |   97.0 |
  Orcish Mines |   2560 |   2473 |     87 |    909 |    766 |   2 | 1280.0 |
         Sewer |    713 |    713 |      0 |    142 |    472 |   1 |  713.0 |
       Ossuary |    555 |    555 |      0 |    318 |     98 |   1 |  555.0 |
      Gauntlet |    405 |    405 |      0 |      0 |      0 |   1 |  405.0 |
               +--------+--------+--------+--------+--------+-----+--------+

Top non-repeatable levels by time:
     D:8: 2474 daAuts
     D:1: 1880 daAuts
     D:4: 1700 daAuts
    D:13: 1661 daAuts
  Lair:6: 1619 daAuts
  Lair:1: 1590 daAuts
     D:9: 1589 daAuts
     D:5: 1552 daAuts
     D:7: 1463 daAuts
   Orc:1: 1350 daAuts
     D:2: 1324 daAuts
   Orc:2: 1209 daAuts
     D:3: 1199 daAuts
  Lair:4: 1129 daAuts
  Lair:5: 1092 daAuts
